 Dungeon Sprint DCSS version 0.21.1-1-g345015f (webtiles) character file.

832 equalderp2856 the Protected (level 7, -5/66 HPs)
             Began as a Minotaur Fighter on May 4, 2018.
             Slain by a killer bee (11 damage)
             ... in the Dungeon (Sprint IV: "Fedhas' Mad Dash").
             The game lasted 00:06:30 (3065 turns).

equalderp2856 the Protected (Minotaur Fighter)      Turns: 3065, Time: 00:06:31

Health: -5/66      AC:  8    Str: 21    XL:     7   Next: 65%
Magic:  11/11      EV: 10    Int:  5    God:
Gold:   108        SH: 11    Dex: 11    Spells: 6/6 levels left

rFire    . . .     SeeInvis +   a - +0 rapier
rCold    . . .     Gourm    .   c - +0 shield
rNeg     . . .     Faith    .   b - +0 scale mail
rPois    .         Spirit   .   (helmet restricted)
rElec    .         Reflect  .   (no cloak)
rCorr    .         Harm     .   (no gloves)
MR       .....     NoTele   +   (no boots)
Stlth    ++........             m - amulet of invisibility {+Inv}
HPRegen  0.21/turn              l - ring of see invisible
MPRegen  0.12/turn              (no ring)

@: lethally poisoned (-5 -> -10), slightly contaminated
A: retaliatory headbutt, horns 2
a: Evoke Invisibility


You were in the Dungeon.
You were near starving.

You visited 1 branch You collected 108 gold pieces.

Inventory:

Hand Weapons
 a - a +0 rapier (weapon)
 n - a +0 trident
 o - a +0 dagger of distortion
Armour
 b - a +0 scale mail (worn)
 c - a +0 shield (worn)
Jewellery
 l - a ring of see invisible (left hand)
 m - the amulet of invisibility (around neck) {+Inv}
   (You found it in the Dungeon)

   [amulet of nothing]

   It lets you turn invisible.
Potions
 d - a potion of might
 h - a potion of haste
 i - 2 potions of magic
 j - a potion of berserk rage
Comestibles
 f - a ration


   Skills:
 + Level 7.5 Fighting
 + Level 7.1 Short Blades
 + Level 8.9 Armour
 + Level 3.3 Dodging
 * Level 6.5 Stealth
 + Level 8.0 Shields
 * Level 7.7 Evocations


You had 6 spell levels left.
You didn't know any spells.

Dungeon Overview and Level Annotations

Branches:
Dungeon (1/1)

Altars:
Cheibriados
Dithmenos
Elyvilon
Gozag
Hepliaklqana
Kikubaaqudgha
Makhleb
Nemelex Xobeh
Okawaru
Qazlal
Ru
Sif Muna
Trog
Uskayaw
Vehumet
Wu Jian
Xom
Yredelemnul
Zin
The Shining One
Beogh
Jiyva
Lugonu

Shops:
D ==}[


Innate Abilities, Weirdness & Mutations

You reflexively headbutt those who attack you in melee.
You have a pair of horns on your head.


Message History

You feel better. The killer bee barely misses you.
The killer bee closely misses you. You furiously retaliate!
You headbutt the killer bee.
The killer bee stings you but does no damage.
You miss the killer bee. Your headbutt misses the killer bee.
The killer bee is moderately wounded.
The killer bee stings you.
* * * LOW HITPOINT WARNING * * *
You are poisoned.
The killer bee poisons you! The killer bee stings you.
* * * LOW HITPOINT WARNING * * *
The killer bee stings you.
* * * LOW HITPOINT WARNING * * *
You miss the killer bee.
The killer bee is moderately wounded.
* * * LOW HITPOINT WARNING * * *
You feel sick.
The killer bee stings you but does no damage.
The killer bee stings you!
You die...

###########################
#<..P#.....#y....#.⌠._._._.
#PP..'....@yy#...'.._._._._
#PPPP#.....#.#.y.#..._._._.
###############y##.._._._._
#...♣....y...'...#._._._._.
#%.....♣.....#...##########
#....†♣..♣..######
##+####+#####


You could see a queen bee and 2 killer bees.

Vanquished Creatures
  A burning bush (D)
  2 wandering mushrooms (D)
  2 scorpions (D)
  2 killer bees (D)
  4 oklob saplings (D)
  A worker ant (D)
  2 spriggans (D)
  A river rat (D)
  A rat (D)
16 creatures vanquished.

Notes
Turn   | Place    | Note
-------+----------+-------------------------------------------
     0 | D        | equalderp2856 the Minotaur Fighter began the quest for the Orb.
     0 | D        | Reached XP level 1. HP: 19/19 MP: 0/0
     9 | D        | Reached XP level 2. HP: 9/28 MP: 1/1
   213 | D        | Noticed an oklob sapling
   474 | D        | Killed an oklob sapling
   474 | D        | Reached skill level 5 in Fighting
   474 | D        | Reached skill level 5 in Armour
   474 | D        | Reached skill level 5 in Shields
   474 | D        | Reached XP level 3. HP: 11/36 MP: 2/2
   786 | D        | Found the amulet of invisibility {+Inv}
  1126 | D        | Noticed an oklob sapling
  1133 | D        | Killed an oklob sapling
  1133 | D        | Reached skill level 1 in Stealth
  1133 | D        | Reached skill level 1 in Evocations
  1133 | D        | Reached XP level 4. HP: 13/44 MP: 0/3
  1355 | D        | Found an opulent altar of Gozag.
  1355 | D        | Found a hazy altar of Hepliaklqana.
  1355 | D        | Found a burning altar of Makhleb.
  1355 | D        | Found a roughly hewn altar of Beogh.
  1355 | D        | Found a sparkling altar of Nemelex Xobeh.
  1355 | D        | Found a snail-covered altar of Cheibriados.
  1355 | D        | Found a sacrificial altar of Ru.
  1355 | D        | Found a deep blue altar of Sif Muna.
  1355 | D        | Found a shimmering altar of Xom.
  1355 | D        | Found a basalt altar of Yredelemnul.
  1356 | D        | Found a viscous altar of Jiyva.
  1356 | D        | Found a bloodstained altar of Trog.
  1356 | D        | Found an ornate altar of the Wu Jian Council.
  1357 | D        | Found an iron altar of Okawaru.
  1357 | D        | Found a glowing silver altar of Zin.
  1357 | D        | Found a shadowy altar of Dithmenos.
  1358 | D        | Found a hide-covered altar of Uskayaw.
  1358 | D        | Found an ancient bone altar of Kikubaaqudgha.
  1359 | D        | Found a glowing golden altar of the Shining One.
  1359 | D        | Found a stormy altar of Qazlal.
  1359 | D        | Found a white marble altar of Elyvilon.
  1360 | D        | Found a radiant altar of Vehumet.
  1360 | D        | Found a corrupted altar of Lugonu.
  1672 | D        | Reached skill level 1 in Dodging
  1672 | D        | Reached XP level 5. HP: 35/51 MP: 2/5
  2083 | D        | Reached skill level 5 in Short Blades
  2127 | D        | Reached XP level 6. HP: 15/58 MP: 8/8
  2430 | D        | Found Teiss's Jewellery Shop.
  2430 | D        | Found Muidgh's Jewellery Emporium.
  2435 | D        | Noticed a burning bush
  2435 | D        | Noticed a wandering mushroom
  2441 | D        | Noticed a wandering mushroom
  2614 | D        | Killed a wandering mushroom
  2614 | D        | Reached skill level 5 in Evocations
  2776 | D        | Killed a wandering mushroom
  2776 | D        | Reached skill level 5 in Stealth
  2783 | D        | Reached XP level 7. HP: 46/66 MP: 8/11
  2815 | D        | Killed a burning bush
  2980 | D        | Found Anlar's Antique Armour Emporium.
  2980 | D        | Found Iplicrysh's Gadget Shoppe.
  3034 | D        | Noticed a queen bee
  3062 | D        | HP: 3/66 [killer bee (7)]
  3065 | D        | Slain by a killer bee

Skill      XL: |  1  2  3  4  5  6  7 |
---------------+----------------------+-----
Fighting       | 4 5 6 7 |  7.5
Armour         | 4 5 6 7 8 |  8.9
Shields        | 4 5 6 7 8 |  8.0
Short Blades   | 3 4 5 6 7 |  7.1
Stealth        | 1 2 4 5 6 |  6.5
Evocations     | 1 2 4 6 7 |  7.7
Dodging        | 1 2 3 |  3.3

Action                   |  1- 3 |  4- 6 |  7- 9 || total
-------------------------+-------+-------+-------++-------
Melee: Rapier            |    36 |    61 |    21 ||   118
       Headbutt          |    12 |    16 |     4 ||    32
 Abil: Evoke Invisibilit |     1 |     8 |     2 ||    11
  Use: Potion            |       |     1 |     2 ||     3
       Scroll            |       |       |     1 ||     1
 Stab: Invisible         |     1 |     6 |     1 ||     8
  Eat: Ration            |       |     2 |       ||     2
       Chunk             |       |     2 |       ||     2
Armor: Scale mail        |     5 |     9 |     8 ||    22
Dodge: Dodged            |     2 |    22 |    16 ||    40
Block: Shield            |     6 |    25 |    21 ||    52
